 Dungeon Crawl Stone Soup version 0.27-a0-1184-ge86db4a01e (webtiles) character file.

Game seed: 10933023626900652591

23 ZappyNine the Ruffian (level 2, -1/43 HPs)
             Began as an Ogre Transmuter on May 18, 2021.
             Slain by a kobold
             ... wielding a +0 short sword
              (3 damage)
             ... on level 2 of the Dungeon.
             The game lasted 00:00:47 (1080 turns).

ZappyNine the Ruffian (Ogre Transmuter)             Turns: 1080, Time: 00:00:48

Health: -1/43      AC:  3    Str: 13    XL:     2   Next: 95%
Magic:  4/5        EV:  9    Int: 14    God:
Gold:   4          SH:  0    Dex:  9    Spells: 4/5 levels left

rFire    + . .     SeeInvis .     - Unarmed
rCold    . . .     Faith    .   (no shield)
rNeg     . . .     Spirit   .   a - +0 robe
rPois    +         Reflect  .   (helmet currently unavailable)
rElec    .         Harm     .   (no cloak)
rCorr    .         Rampage  .   (gloves unavailable)
Will     .....                  (boots unavailable)
Stlth    ..........             (no amulet)
HPRegen  0.14/turn              b - ring of protection from fire
MPRegen  0.09/turn              c - ring of poison resistance

@: berserking, appendages, very quick
A: horns 2, talons 2, large, unfitting armour, tough skin 1
a: End Transformation


You were on level 2 of the Dungeon.
You had temporarily grown beastly horns and talons.
You visited 1 branch of the dungeon, and saw 2 of its levels.

You collected 4 gold pieces.

Inventory:

Armour
 a - a +0 robe (worn)
Jewellery
 b - a ring of protection from fire (left hand)
 c - a ring of poison resistance (right hand)
Scrolls
 f - a scroll of amnesia {unknown}
Potions
 d - a potion of invisibility {unknown}
 e - a potion of berserk rage


   Skills:
 + Level 2.3 Fighting
 - Level 1.7 Dodging
 * Level 3.4 Unarmed Combat
 - Level 2.4 Spellcasting
 - Level 1.7 Transmutations


You had 4 spell levels left.
You knew the following spells:

 Your Spells              Type           Power      Damage    Failure   Level
a - Beastly Appendage     Tmut           12%        N/A       11%         1

Your spell library contained the following spells:

 Spells                   Type           Power      Damage    Failure   Level
 Wereblood                Tmut           6%         N/A       17%         2
 Spider Form              Tmut/Pois      2%         N/A       43%         3
 Ice Form                 Ice/Tmut       4%         N/A       85%         4
 Hydra Form               Tmut           3%         N/A       97%         5


Dungeon Overview and Level Annotations

Branches:
Dungeon (2/15)

Altars:


Innate Abilities, Weirdness & Mutations

You have temporarily grown beastly horns and talons.
You are too large for most types of armour.
You have tough skin. (AC +1)


Message History

The kobold hits you with a +0 short sword.
The hobgoblin hits you.
You completely miss the kobold.
The kobold hits you with a +0 short sword.
The hobgoblin hits you.
You barely miss the kobold. The kobold barely misses you.
The hobgoblin hits you but does no damage.
Your magical contamination has completely faded away.
You barely miss the kobold.
The kobold hits you with a +0 short sword.
The hobgoblin hits you.
You are too injured to fight recklessly!
You are too injured to fight recklessly!
You are too injured to fight recklessly!
You are too injured to fight recklessly!
You are too injured to fight recklessly!
You are too injured to fight recklessly!
You are too injured to fight recklessly!
You are too injured to fight recklessly!
You are too injured to fight recklessly!
You are too injured to fight recklessly!
You are too injured to fight recklessly!
You are too injured to fight recklessly!
Unknown command.
The kobold hits you with a +0 short sword.
* * * LOW HITPOINT WARNING * * *
Found 15 poisoned darts and a scale mail.
The kobold barely misses you.
Found 11 stones.
Casting: Beastly Appendage (safe; 11% risk of failure)
Confirm with . or Enter, or press ? or * to list all spells.
You grow a pair of large bovine horns.
Your feet morph into talons.
The kobold hits you with a +0 short sword.
* * * LOW HITPOINT WARNING * * *
Unknown command.
It was a potion of berserk rage.
A red film seems to cover your vision as you go berserk!
You feel yourself moving faster!
You feel mighty!
The kobold hits you with a +0 short sword.
You die...

#.# ######.##
#.......#
#.#####.# #.#
#.##
######.#####..#
#..)..........#
#.....###.....#
#@#.#.##..#
##Kg.#.#....#
#..#.##g#.#..#
#(###.#.#.#..#
#. .#..##..# .
#.## .# (# .#
#. [# . .


You could see a hobgoblin and a kobold.

Vanquished Creatures
  A dart slug (D:1)
  2 endoplasms
  A giant cockroach (D:1)
  3 goblins (D:1)
  A hobgoblin (D:1)
  A kobold (D:1)
  3 quokkas
  A ball python (D:1)
  5 bats (D:1)
  A frilled lizard (D:1)
19 creatures vanquished.

Notes
Turn   | Place    | Note
-------+----------+-------------------------------------------
     0 | D:1      | ZappyNine the Ogre Transmuter began the quest for the Orb.
     0 | D:1      | Reached XP level 1. HP: 19/19 MP: 3/3
   276 | D:1      | Reached skill level 3 in Unarmed Combat
   306 | D:1      | Reached XP level 2. HP: 21/28 MP: 3/5
  1079 | D:2      | HP: 1/29 [kobold/+0 short sword (4)]
  1080 | D:2      | Slain by a kobold

Illustrated notes

Levels and vault maps discovered:
D:1:      arrival_zaba_pyramid, layout_rooms
D:2:      layout_basic, basic_altar, minmay_pentomino_pile, uniq_jessica,
          uniq_terence

Skill      XL: |  1  2 |
---------------+-------+-----
Unarmed Combat | 3 |  3.4
Fighting       | 2 |  2.3
Dodging        | |  1.7
Spellcasting   | |  2.4
Transmutations | |  1.7

Action                   || total
-------------------------++-------
Melee: Unarmed           ||    63
       Headbutt          ||     2
       Kick              ||     6
       Punch             ||     2
 Cast: Beastly Appendage ||    12
  Use: Potion            ||     1
Armor: Robe              ||    27
Dodge: Dodged            ||    33

Table legend: (Time is in decaauts)
 A = Elapsed time spent in this place.
 B = Non-inter-level travel time spent in this place.
 C = Inter-level travel time spent in this place.
 D = Time resting spent in this place.
 E = Time spent auto-exploring this place.
 F = Levels seen in this place.
 G = Mean time per level.
                   A        B        C        D        E       F      G
               +--------+--------+--------+--------+--------+-----+--------+
         Total |   1076 |   1053 |     23 |      0 |    910 |   2 |  538.0 |
       Dungeon |   1076 |   1053 |     23 |      0 |    910 |   2 |  538.0 |
               +--------+--------+--------+--------+--------+-----+--------+

Top non-repeatable levels by time:
     D:1: 987 daAuts
     D:2: 88 daAuts
